 Dungeon Crawl Stone Soup version 0.22-a0-858-g985ef60 (webtiles) character file.

79 VLARC the Magician (level 4, 0/33 HPs)
             Began as a Ghoul Wizard on July 27, 2018.
             Was an Initiate of Kikubaaqudgha.
             Slain by Crazy Yiuf
             ... wielding a +4 quarterstaff of chaos
              (8 damage)
             ... on level 2 of the Dungeon.
             The game lasted 00:05:49 (2426 turns).

VLARC the Magician (Ghoul Wizard)                   Turns: 2426, Time: 00:05:51

Health: 0/33       AC:  2    Str: 10    XL:     4   Next: 37%
Magic:  2/8        EV: 12    Int: 14    God:    Kikubaaqudgha [......]
Gold:   53         SH:  0    Dex:  7    Spells: 4/10 levels left

rFire    . . .     SeeInvis .   g - +0 spear
rCold    + . .     Gourm    .   (no shield)
rNeg     + + +     Faith    .   a - +0 robe
rPois    ∞         Spirit   .   b - +0 hat
rElec    .         Reflect  .   e - scarf {cloud immunity}
rCorr    .         Harm     .   (no gloves)
MR       .....                  (no boots)
Stlth    ++........             (no amulet)
HPRegen  0.00/turn              (no ring)
MPRegen  0.11/turn              (no ring)

@: very slightly contaminated, rotting
A: rotting body, claws 1, carnivore, cold resistance 1, negative energy
resistance 3, inhibited regeneration, torment resistance, unbreathing
a: Renounce Religion


You were on level 2 of the Dungeon.
You worshipped Kikubaaqudgha.
Kikubaaqudgha was noncommittal.
You were not hungry.

You visited 1 branch of the dungeon, and saw 2 of its levels.

You collected 53 gold pieces.

Inventory:

Hand Weapons
 g - a +0 spear (weapon)
Missiles
 f - 97 stones (quivered)
Armour
 a - a +0 robe (worn)
 b - a +0 hat (worn)
 e - a scarf of cloud immunity (worn)
Jewellery
 j - a cursed ring of attention {unknown}
Scrolls
 c - 2 scrolls of remove curse {unknown}
 l - 3 scrolls of identify {unknown}
 n - 2 scrolls of enchant weapon {unknown}
 o - a scroll of teleportation {unknown}
Potions
 h - a potion of flight {unknown}
 i - a potion of brilliance {unknown}
 k - a potion of berserk rage {unknown}
 m - a potion of mutation {unknown}
 q - a potion of curing {unknown}
Comestibles
 d - 5 rations


   Skills:
 - Level 0.3 Fighting
 - Level 0.7 Polearms
 - Level 1.7 Dodging
 - Level 2.1 Stealth
 - Level 1.1 Unarmed Combat
 + Level 3.6 Spellcasting
 * Level 1.7 Conjurations
   Level 0.8 Summonings
 - Level 0.8 Translocations


You had 4 spell levels left.
You knew the following spells:

 Your Spells              Type           Power        Failure   Level  Hunger
a - Magic Dart            Conj           #...         10%         1    None
b - Blink                 Tloc           N/A          22%         2    ##.....
c - Conjure Flame         Conj/Fire      #.......     38%         3    ###....

Your spell library contained the following spells:

 Spells                   Type           Power        Failure   Level  Hunger
 Slow                     Hex            #.......     30%         2    ##.....
 Mephitic Cloud           Conj/Pois/Air  #.......     43%         3    ###....
 Call Imp                 Summ           #.......     22%         2    ##.....


Dungeon Overview and Level Annotations

Branches:
Dungeon (2/15)

Altars:
Kikubaaqudgha

Annotations:
D:2 Crazy Yiuf


Innate Abilities, Weirdness & Mutations

Your body is rotting away.
You thrive on raw meat.
You are immune to poison.
You have sharp fingernails.
You are carnivorous and can eat meat at any time.
Your flesh is cold resistant. (rC+)
You are immune to negative energy. (rN+++)
You do not regenerate when monsters are visible.
You are immune to unholy pain and torment.
You can survive without breathing.


Message History

Crazy Yiuf is heavily wounded.
Casting: Conjure Flame (slightly dangerous; 38% risk of failure)
Confirm with . or Enter, or press ? or * to list all spells.
Aiming: Magic Dart (safe; 10% risk of failure)
Press: ? - help, Shift-Dir - straight line, f - Crazy Yiuf
Aim: Crazy Yiuf, wielding a quarterstaff of chaos and wearing a cloak (heavily wounded, unusually strong)
The magic dart hits Crazy Yiuf.
Crazy Yiuf is heavily wounded.
Crazy Yiuf hits you with a quarterstaff of chaos!!
Ouch! That really hurt!
* * * LOW HITPOINT WARNING * * *
Casting: Magic Dart (safe; 10% risk of failure)
Confirm with . or Enter, or press ? or * to list all spells.
Aiming: Magic Dart (safe; 10% risk of failure)
Press: ? - help, Shift-Dir - straight line, f/p - Crazy Yiuf
Aim: Crazy Yiuf, wielding a quarterstaff of chaos and wearing a cloak (heavily wounded, unusually strong)
You miscast Magic Dart.
Your skin glows momentarily.
Crazy Yiuf hits you with a quarterstaff of chaos!
You die...
Kikubaaqudgha rasps: "You have failed me!
Welcome... oblivion!"

#..........# #.........
#..........# #.........
#....<..(..# #.........
#..........# #.........
#.###.....(# ########## #.#
#......# #.# #......#
#.############################
#........(..g@................
##############################


You could see Crazy Yiuf.

Vanquished Creatures
  A gnoll (D:1)
  2 adders (D:2)
  A dart slug (D:1)
  4 leopard geckos
  3 giant cockroaches
  4 goblins
  5 hobgoblins
  5 jackals
  2 quokkas (D:2)
  3 bats
  3 frilled lizards
  4 kobolds
  6 rats
43 creatures vanquished.

Notes
Turn   | Place    | Note
-------+----------+-------------------------------------------
     0 | D:1      | VLARC the Ghoul Wizard began the quest for the Orb.
     0 | D:1      | Reached XP level 1. HP: 14/14 MP: 3/3
   207 | D:1      | You fall through a shaft!
   260 | D:2      | Reached skill level 3 in Spellcasting
   332 | D:2      | Reached XP level 2. HP: 12/20 MP: 0/5
   528 | D:2      | Found an ancient bone altar of Kikubaaqudgha.
   534 | D:2      | Became a worshipper of Kikubaaqudgha
   600 | D:2      | Reached XP level 3. HP: 16/26 MP: 1/6
   737 | D:2      | Reached skill level 1 in Unarmed Combat
   798 | D:2      | Learned a level 2 spell: Blink
   802 | D:2      | Learned a level 3 spell: Conjure Flame
   969 | D:2      | Reached skill level 1 in Conjurations
  1364 | D:2      | Found a runed door.
  1627 | D:1      | Reached XP level 4. HP: 33/33 MP: 8/8
  2378 | D:2      | Noticed Crazy Yiuf
  2426 | D:2      | Slain by Crazy Yiuf

Vault maps used:
D:1:      evilmike_arrival_hilbert_curve, minmay_quantized
D:2:      kiku_gazebo_pond_becter, kennysheep_boxes, uniq_crazy_yiuf_cottage

Skill      XL: |  1  2  3 |
---------------+----------+-----
Spellcasting   | 3 |  3.6
Unarmed Combat | 1 |  1.1
Conjurations   | 1 |  1.7
Fighting       | |  0.3
Polearms       | |  0.7
Dodging        | |  1.7
Stealth        | |  2.1
Summonings     | |  0.8
Translocations | |  0.8

Action                   |  1- 3 |  4- 6 || total
-------------------------+-------+-------++-------
Melee: Unarmed           |    33 |       ||    33
       Spear             |    94 |    36 ||   130
 Cast: Magic Dart        |    47 |    16 ||    63
       Conjure Flame     |       |     1 ||     1
 Stab: Sleeping          |     3 |     4 ||     7
  Eat: Chunk             |    15 |     5 ||    20
Armor: Robe              |    21 |     1 ||    22
Dodge: Dodged            |   113 |    20 ||   133

Table legend:
 A = Spawn XP
 B = Non-spawn XP
 C = Spawn XP percentage of total XP
 D = Spawn monster count
 E = Non-spawn monster count
 F = Spawn count percentage of total count
 G = Total turns spent on level
                    A         B        C        D         E        F      G
               +---------+---------+-------+---------+---------+-------+---------
         Total |       0 |     113 |   0.0 |       0 |      43 |   0.0 |  2426
               +---------+---------+-------+---------+---------+-------+---------
           D:1 |       0 |      44 |   0.0 |       0 |      18 |   0.0 |  1036
           D:2 |       0 |      69 |   0.0 |       0 |      25 |   0.0 |  1390
               +---------+---------+-------+---------+---------+-------+---------
